 Dungeon Sprint DCSS version 0.28.0-49-g6dfe1f597d (webtiles) character file.

Game seed: 14018808509545198233

2739 Zeld the Severer (level 9, -3/145 HPs)
             Began as a Minotaur Berserker on May 12, 2022.
             Was a High Priest of Trog.
             Succumbed to a redback's poison
             ... in the Dungeon (Sprint III: "The Ten Rune Challenge").
             The game lasted 00:02:17 (1220 turns).

Zeld the Severer (Minotaur Berserker)               Turns: 1220, Time: 00:02:17

Health: -3/145     AC:  3    Str: 27    XL:     9   Next: 40%
Magic:  8/8        EV: 15    Int:  4    God:    Trog [*****.]
Gold:   6          SH:  0    Dex:  9    Spells: 8/8 levels left

rFire   . . .      SeeInvis .   a - +0 hand axe
rCold   . . .      Faith    .   (no shield)
rNeg    . . .      Spirit   .   b - +0 animal skin
rPois   .          Reflect  .   (helmet restricted)
rElec   .          Harm     .   (no cloak)
rCorr   .          Rampage  .   (no gloves)
Will    ++...      NoTele   +   (no boots)
Stlth   ..........              (no amulet)
HPRegen 1.34/turn               (no ring)
MPRegen 0.11/turn               (no ring)

@: berserking, lethally poisoned (-3 -> -38), strong-willed, regenerating, very
quick
A: horns 2, retaliatory headbutt
a: Renounce Religion, Berserk, Trog's Hand, Brothers in Arms


You were in the Dungeon.
You worshipped Trog.
Trog was extremely pleased with you.
You visited 1 branch You collected 6 gold pieces.

Inventory:

Hand Weapons
 a - a +0 hand axe (weapon)
Armour
 b - a +0 animal skin (worn)
Wands
 i - a wand of flame (18)
Scrolls
 h - a scroll of blinking
Potions
 c - a potion of curing
 d - a potion of heal wounds
 e - a potion of haste
 f - 2 potions of magic
 g - a potion of berserk rage
 k - a potion of lignification {unknown}
Miscellaneous
 j - a phantom mirror


   Skills:
 - Level 15.0 Fighting
 * Level 15.7 Axes
 + Level 11.0 Armour
 + Level 10.2 Dodging


You had 8 spell levels left.
You didn't know any spells.
Your spell library was empty.

Dungeon Overview and Level Annotations

Branches:
Dungeon (1/1)

Altars:
Cheibriados
Dithmenos
Elyvilon
Fedhas
Gozag
Hepliaklqana
Makhleb
Nemelex Xobeh
Okawaru
Qazlal
Ru
Trog
Uskayaw
Wu Jian
Xom
Yredelemnul
Zin
The Shining One
Beogh
Jiyva
Lugonu


Innate Abilities, Weirdness & Mutations

You have a pair of horns on your head.
You reflexively headbutt those who attack you in melee.


Message History

You are poisoned.
The redback poisons you! The redback bites you!
Unknown command.
You miss the redback. You headbutt the redback!
You kill the redback!
Trog accepts your kill.
You hit the redback.
You feel very sick. The redback bites you!
You are lethally poisoned!
The redback poisons you!
Your Armour skill increases to level 11!
Okay, then.
Your skin crawls.
You feel strong-willed.
You feel extremely sick. The redback bites you!
* * * LOW HITPOINT WARNING * * *
Unknown command.
You feel better. The redback bites you. The redback bites you!
* * * LOW HITPOINT WARNING * * *
You hit the redback. You headbutt the redback!
The redback is heavily wounded.
The redback bites you!
* * * LOW HITPOINT WARNING * * *
A red film seems to cover your vision as you go berserk!
You feel yourself moving faster!
You feel mighty! The redback bites you!
* * * LOW HITPOINT WARNING * * *
You are lethally poisoned!
The redback poisons you!
You slash the redback!
The redback is almost dead.
* * * LOW HITPOINT WARNING * * *
You feel very sick. The redback barely misses you.
You slash the redback!
You feel the power of Trog in you as your rage grows.
You kill the redback!
Trog accepts your kill.
You die...

#._# #)## ...# .).# ##'#
...#+############## ###
.))#....#.#.#.....# ...^
...##.#..#.##.###.# .....
...'##.#.#.##)#.@##^...^.
...#...#..#..##.†'^.^....
▓▓▓▓▓▓▓▓▓▓▓▓▓▓▓▓▓#.......
.....^. .^..... ..^^...
#+#####


There were no monsters in sight!

Vanquished Creatures
  Erolcha (D)
  A deep elf pyromancer (D)
  2 redbacks (D)
  A spatial vortex (D)
  A necrophage (D)
  5 two-headed ogres (D)
  A water elemental (D)
  Jessica (D)
  A necromancer (D)
  3 humans (D)
  A phantom (D)
  2 endoplasms (D)
  A rat (D)
21 creatures vanquished.

Vanquished Creatures (collateral kills)
  A shadow (D)
  A jelly (D)
2 creatures vanquished.

Grand Total: 23 creatures vanquished

Notes
Turn   | Place    | Note
-------+----------+-------------------------------------------
     0 | D        | Zeld the Minotaur Berserker began the quest for the Orb.
     0 | D        | Reached XP level 1. HP: 19/19 MP: 0/0
    22 | D        | Noticed Jessica
    27 | D        | Killed Jessica
    27 | D        | Reached ** piety under Trog
    28 | D        | Reached skill level 5 in Fighting
    28 | D        | Reached skill level 5 in Axes
    28 | D        | Reached XP level 2. HP: 18/29 MP: 1/1
    28 | D        | Reached XP level 3. HP: 22/36 MP: 2/2
   230 | D        | Noticed a water elemental
   233 | D        | Killed a water elemental
   233 | D        | Reached *** piety under Trog
   234 | D        | Reached skill level 5 in Armour
   234 | D        | Reached XP level 4. HP: 47/47 MP: 3/3
   312 | D        | Found a glowing silver altar of Zin.
   312 | D        | Found a glowing golden altar of the Shining One.
   312 | D        | Found a white marble altar of Elyvilon.
   313 | D        | Noticed a deep elf pyromancer
   317 | D        | Killed a deep elf pyromancer
   318 | D        | Reached XP level 5. HP: 47/60 MP: 4/4
   318 | D        | Reached XP level 6. HP: 53/68 MP: 5/5
   318 | D        | Reached XP level 7. HP: 58/74 MP: 6/6
   477 | D        | Found a hide-covered altar of Uskayaw.
   477 | D        | Found an iron altar of Okawaru.
   477 | D        | Found a bloodstained altar of Trog.
   477 | D        | Found an ornate altar of the Wu Jian Council.
   477 | D        | Noticed a human
   477 | D        | Noticed a human
   486 | D        | Killed a human
   489 | D        | Killed a human
   489 | D        | Reached **** piety under Trog
   585 | D        | Found a basalt altar of Yredelemnul.
   585 | D        | Found a shadowy altar of Dithmenos.
   585 | D        | Found a sacrificial altar of Ru.
   614 | D        | Noticed a shadow
   625 | D        | Killed a shadow
   626 | D        | Reached XP level 8. HP: 26/85 MP: 7/7
   932 | D        | Found a blossoming altar of Fedhas.
   932 | D        | Found a stormy altar of Qazlal.
   932 | D        | Found a snail-covered altar of Cheibriados.
   932 | D        | Found a burning altar of Makhleb.
   932 | D        | Found a shimmering altar of Xom.
   933 | D        | Found a hazy altar of Hepliaklqana.
   933 | D        | Found an opulent altar of Gozag.
   933 | D        | Found a sparkling altar of Nemelex Xobeh.
   933 | D        | Found a corrupted altar of Lugonu.
   933 | D        | Found a viscous altar of Jiyva.
   963 | D        | Noticed a two-headed ogre
   970 | D        | Killed a two-headed ogre
  1022 | D        | Noticed Erolcha
  1022 | D        | Noticed a two-headed ogre
  1032 | D        | Killed Erolcha
  1033 | D        | Reached skill level 10 in Armour
  1033 | D        | Reached XP level 9. HP: 96/96 MP: 8/8
  1040 | D        | Killed a two-headed ogre
  1040 | D        | Reached ***** piety under Trog
  1041 | D        | Reached skill level 15 in Fighting
  1041 | D        | Reached skill level 15 in Axes
  1041 | D        | Reached skill level 10 in Dodging
  1218 | D        | HP: 6/145 [redback (13)]
  1219 | D        | HP: 2/145 [poisoned by a redback]
  1220 | D        | Succumbed to a redback's poison

Illustrated notes

Levels and vault maps discovered:
D:        dungeon_sprint_mu [sprint_mu_entry_cave, sprint_mu_temple_rooms,
          sprint_mu_d1_spiders, sprint_mu_d2_genie, sprint_mu_d3_branching,
          sprint_mu_orc_legion, sprint_mu_elf_gauntlet, sprint_mu_hive_nellie,
          sprint_mu_lair_fedhas, sprint_mu_vaults_butterflies,
          sprint_mu_slime_circle, sprint_mu_swamp_cave, sprint_mu_shoals_archi,
          sprint_mu_blade_basic, sprint_mu_crypt_lich, sprint_mu_tomb_spiral,
          sprint_mu_vestibule_basic, sprint_mu_gehenna_hellfire,
          sprint_mu_dis_giant, sprint_mu_tartarus_statrot,
          sprint_mu_cocytus_islands, sprint_mu_zot1]

Skill      XL: |  1  2  3  4  5  6  7  8  9 |
---------------+----------------------------+-----
Axes           | 5 7 11 12 14 15 | 15.7
Fighting       | 5 7 11 12 14 15 | 15.0
Armour         | 3 5 7 9 10 11 | 11.0
Dodging        | 3 4 7 8 9 10 | 10.2

Action                   |  1- 3 |  4- 6 |  7- 9 || total
-------------------------+-------+-------+-------++-------
Melee: Hand axe          |    13 |     3 |    59 ||    75
       Headbutt          |     5 |     2 |    16 ||    23
       Punch             |       |       |     1 ||     1
Invok: Berserk           |     2 |     1 |     6 ||     9
       Trog's Hand       |       |       |     2 ||     2
       Brothers in Arms  |       |       |     1 ||     1
  Use: Potion            |       |       |     1 ||     1
 Stab: Sleeping          |     1 |       |       ||     1
Armor: Animal skin       |     1 |       |     1 ||     2
Dodge: Dodged            |     3 |     2 |    30 ||    35
